 Dungeon Crawl Stone Soup version 0.17.0-22-g5edae84 (webtiles) character file.

954 septik the Grappler (level 8, -3/69 HPs)
             Began as a Naga Fighter on Nov 12, 2015.
             Was an Initiate of Cheibriados.
             Slain by an iguana (9 damage)
             ... on level 4 of the Dungeon.
             The game lasted 00:09:39 (3618 turns).

septik the Grappler (Naga Fighter)                  Turns: 3618, Time: 00:09:39

Health: -3/69      AC:  8    Str: 20    XL:     8   Next: 14%
Magic:  8/8        EV:  6    Int: 10    God:    Cheibriados [......]
Gold:   156        SH:  9    Dex: 13    Spells: 0 memorised, 7 levels left

rFire  + . .     SeeInvis +       - Unarmed
rCold  + . .     Clarity  .     e - +1 ring mail {rC+}
rNeg   . . .     SustAt   .     b - +0 shield
rPois  +         Gourm    .     (no helmet)
rElec  .         Spirit   .     j - +0 cloak
rCorr  .         Warding  .     f - +0 pair of gloves
rMut   .         Stasis   .     (no barding)
MR     +....                    (no amulet)
Stlth  ..........               A - ring of loudness (curse)
                                w - ring of protection from fire

@: very slow, somewhat resistant to hostile enchantments, extremely unstealthy
A: see invisible, deformed body, poison resistance, slowness 2, slow metabolism
1, spit poison 2, AC +2
a: Spit Poison, Bend Time, Renounce Religion


You were on level 4 of the Dungeon.
You worshipped Cheibriados.
Cheibriados was noncommittal.
You were very hungry.

You visited 2 branches of the dungeon, and saw 6 of its levels.

You collected 332 gold pieces.
You spent 176 gold pieces at shops.

Inventory:

Hand Weapons
 c - a +1 hunting sling
Missiles
 r - 64 sling bullets
 s - 46 stones (quivered)
Armour
 a - a +0 scale mail
 b - a +0 shield (worn)
 e - a +1 ring mail of cold resistance (worn)
 f - a +0 pair of gloves (worn)
 j - a +0 cloak (worn)
Jewellery
 w - a ring of protection from fire (left hand)
 y - an uncursed ring of protection from fire
 A - a cursed ring of loudness (right hand)
Wands
 t - a wand of magic darts (29)
Scrolls
 k - a scroll of identify
 m - 2 scrolls of magic mapping
 o - 2 scrolls of fog
 q - 2 scrolls of blinking
Potions
 g - 2 potions of heal wounds {unknown}
 h - 2 potions of curing
 i - a potion of flight {unknown}
 l - a potion of mutation {unknown}
 u - 2 potions of lignification {unknown}
 v - 2 potions of haste {unknown}
 x - a potion of cure mutation {unknown}
 z - a potion of cancellation {unknown}
 B - a potion of brilliance {unknown}
Comestibles
 d - 6 bread rations
 n - 4 fruits
 p - a meat ration


   Skills:
 - Level 3.0 Fighting
 - Level 2.4 Armour
 - Level 2.4 Shields
 + Level 9.3 Unarmed Combat


You had 7 spell levels left.
You didn't know any spells.

Dungeon Overview and Level Annotations

Branches:
Dungeon (5/15)             Temple (1/1) D:4

Altars:
Ashenzari
Cheibriados
Dithmenos
Elyvilon
Fedhas
Gozag
Makhleb
Nemelex Xobeh
Okawaru
Ru
Sif Muna
Trog
Vehumet
Xom
Yredelemnul
Zin

Shops:
D:4 *

Portals:
Ossuary: D:5


Innate Abilities, Weirdness & Mutations

You cannot wear boots.
Your serpentine skin is tough (AC +2).
You have supernaturally acute eyesight.
Armour fits poorly on your strangely shaped body.
Your system is resistant to poisons.
You cover ground very slowly.
You have a slow metabolism.
You can spit poison.


Message History

* * * LOW HITPOINT WARNING * * *
The giant frog hits you.
* * * LOW HITPOINT WARNING * * *
The giant frog barely misses you.
The giant frog skeleton hits you but does no damage.
The iguana barely misses you.
The giant frog hits you but does no damage.
There is a stone staircase leading up here.
You block the giant frog skeleton's attack.
You block the iguana's attack.
The giant frog hits you but does no damage.
The giant frog skeleton hits you.
* * * LOW HITPOINT WARNING * * *
You climb upwards.
There is a stone staircase leading down here.
Drink which item? (? for menu, Esc to quit)
You feel better. The giant frog hits you.
* * * LOW HITPOINT WARNING * * *
The iguana bites you!
You die...

.......########<..##
.......##..........#
.......#..##..#...##
#.........##.##...#
##...........##...#
..........#########
.....#....# ####......##
######## ##...#.....#
##l@....##
#.....####.###.F......##
.......# #..#..........#
.......# ##............#
.......# ###..........#
#......# #..........#
#......# #..........#
.......## ##........##
....)...######........##


You could see a giant frog and an iguana.

Vanquished Creatures
  Sigmund (D:2)
  A water moccasin (D:4)
  2 ogres (D:4)
  An ice beast (D:4)
  2 scorpions (D:4)
  An orc priest (D:3)
  A giant frog skeleton (D:4)
  An iguana (D:4)
  3 orc wizards (D:3)
  A gnoll (D:1)
  7 adders
  An ooze (D:2)
  5 worms
  An adder skeleton (D:4)
  3 giant geckos (D:1)
  6 orcs
  A ball python (D:4)
  A giant cockroach (D:1)
  6 hobgoblins
  3 jackals (D:4)
  11 kobolds
  7 bats
  8 giant newts
  14 goblins
  5 rats
93 creatures vanquished.

Notes
Turn   | Place    | Note
--------------------------------------------------------------
     0 | D:1      | septik the Naga Fighter began the quest for the Orb.
     0 | D:1      | Reached XP level 1. HP: 21/21 MP: 1/1
    66 | D:1      | Reached XP level 2. HP: 16/28 MP: 2/2
   451 | D:1      | Reached XP level 3. HP: 27/34 MP: 3/3
   807 | D:2      | Found a bloodstained altar of Trog.
  1077 | D:2      | Reached skill level 4 in Unarmed Combat
  1153 | D:2      | Noticed Sigmund
  1169 | D:2      | Reached XP level 4. HP: 39/42 MP: 4/4
  1194 | D:2      | Killed Sigmund
  1194 | D:2      | Reached skill level 5 in Unarmed Combat
  1194 | D:2      | Reached XP level 5. HP: 30/49 MP: 5/5
  1202 | D:2      | Reached skill level 6 in Unarmed Combat
  1222 | D:2      | Reached XP level 6. HP: 40/56 MP: 6/6
  1267 | D:2      | Found a sparkling altar of Nemelex Xobeh.
  2478 | D:4      | Reached skill level 7 in Unarmed Combat
  2515 | D:3      | Reached XP level 7. HP: 52/62 MP: 7/7
  2586 | D:4      | Found Cemen's Assorted Antiques.
  2653 | D:4      | Bought a runed ring mail for 88 gold pieces
  2653 | D:4      | Bought a jewelled glass wand for 88 gold pieces
  2681 | D:4      | Reached skill level 8 in Unarmed Combat
  2783 | D:4      | Noticed a water moccasin
  2794 | D:4      | Killed a water moccasin
  3018 | D:4      | Found a staircase to the Ecumenical Temple.
  3049 | Temple   | Entered the Ecumenical Temple
  3262 | Temple   | Became a worshipper of Cheibriados the Contemplative
  3311 | D:4      | Reached skill level 9 in Unarmed Combat
  3311 | D:4      | Reached XP level 8. HP: 13/69 MP: 8/8
  3419 | D:4      | Found a shattered altar of Ashenzari.
  3426 | D:4      | Found a shimmering altar of Xom.
  3427 | D:4      | Found a deep blue altar of Sif Muna.
  3427 | D:4      | Found a glowing silver altar of Zin.
  3427 | D:4      | Found a radiant altar of Vehumet.
  3429 | D:4      | Found a white marble altar of Elyvilon.
  3430 | D:4      | Found a basalt altar of Yredelemnul.
  3431 | D:4      | Found an opulent altar of Gozag.
  3432 | D:4      | Found a blossoming altar of Fedhas.
  3537 | D:5      | Entered Level 5 of the Dungeon
  3587 | D:5      | Found a sand-covered staircase.
  3616 | D:5      | HP: 3/69 [giant frog skeleton (2)]
  3618 | D:4      | Slain by an iguana

Action                   |  1- 3 |  4- 6 |  7- 9 || total
-------------------------+-------+-------+-------++-------
Melee: Unarmed           |   162 |   176 |   112 ||   450
 Abil: Spit Poison       |     2 |     7 |    13 ||    22
  Use: Potion            |       |     1 |     2 ||     3
       Scroll            |       |     6 |       ||     6
  Eat: Chunk             |       |     5 |     1 ||     6
       Beef jerky        |       |       |     1 ||     1
